 Dungeon Sprint DCSS version 0.29.1-15-g9cfb28693d (webtiles) character file.

Game seed: 12312947862313304554

0 Groucho the Caller (level 1, -5/9 HPs)
             Began as a Spriggan Summoner on Apr 6, 2023.
             Was an Initiate of Dithmenos.
             Slain by a river rat (9 damage)
             ... in the Dungeon (Sprint VII: "The Pits").
             The game lasted 00:00:58 (90 turns).

Groucho the Caller (Spriggan Summoner)                Turns: 90, Time: 00:00:59

Health: -5/9       AC:  2    Str:  4    XL:     1   Next: 8%
Magic:  1/5        EV: 17    Int: 16    God:    Dithmenos [......]
Gold:   0          SH:  0    Dex: 15    Spells: 4/5 levels left

rFire   . . .      SeeInvis +   h - +2 dagger
rCold   . . .      Faith    .   (no shield)
rNeg    . . .      Spirit   .   a - +0 robe
rPois   .          Reflect  .   (helmet restricted)
rElec   .          Harm     .   (no cloak)
rCorr   .          Rampage  .   (gloves unavailable)
Will    .....      NoTele   +   (boots unavailable)
Stlth   ++........              (no amulet)
HPRegen 0.03/turn               (no ring)
MPRegen 0.09/turn               (no ring)

@: very quick
A: very small, no large weapons, unfitting armour, see invisible, speed 3
a: Renounce Religion


You were in the Dungeon.
You worshipped Dithmenos.
Dithmenos was noncommittal.
You visited 1 branch

Inventory:

Hand Weapons
 h - a +2 dagger (weapon)
Missiles
 l - 10 stones
Armour
 a - a +0 robe (worn)
Scrolls
 g - a scroll of blinking
 j - 5 scrolls of amnesia
 k - a scroll of summoning
Potions
 b - 5 potions of magic
 c - a potion of curing
 d - a potion of heal wounds
 e - a potion of haste
 f - 3 potions of berserk rage
 i - 2 potions of invisibility


   Skills:
 + Level 2.9 Dodging
 + Level 3.2 Stealth
 + Level 2.8 Spellcasting
 + Level 3.3 Summonings


You had 4 spell levels left.
You knew the following spells:

 Your Spells              Type           Power      Damage    Failure   Level
a - Summon Small Mammal   Summ           52%        N/A       4%          1

Your spell library contained the following spells:

 Spells                   Type           Power      Damage    Failure   Level
 Call Imp                 Summ           13%        N/A       8%          2
 Call Canine Familiar     Summ           13%        N/A       14%         3
 Summon Guardian Golem    Hex/Summ       7%         N/A       28%         3
 Summon Lightning Spire   Summ/Air       7%         N/A       67%         4


Dungeon Overview and Level Annotations

Branches:
Dungeon (1/1)

Altars:
Ashenzari
Cheibriados
Dithmenos
Elyvilon
Fedhas
Gozag
Hepliaklqana
Kikubaaqudgha
Makhleb
Nemelex Xobeh
Okawaru
Qazlal
Ru
Sif Muna
Trog
Uskayaw
Vehumet
Wu Jian
Xom
Yredelemnul
Zin
The Shining One
Jiyva
Lugonu


Innate Abilities, Weirdness & Mutations

You are very small and have problems with some larger weapons.
You are too small for most types of armour.
You have supernaturally acute eyesight. (SInv)
You cover ground extremely quickly. (Speed+++)


Message History

Unknown command.
The river rat closely misses your rat.
The rat bites your rat but does no damage.
Your rat closely misses the river rat.
Your rat bites the river rat.
Unknown command.
Unknown command.
The rat bites your rat. The river rat misses your rat.
Your rat bites the river rat.
Your rat barely misses the river rat.
Unknown command.
The river rat bites your rat.
Your rat dies!
Your rat's corpse disappears in a puff of smoke!
The rat bites your rat.
Your rat dies!
Your rat's corpse disappears in a puff of smoke!
Unknown command.
Unknown command.
You barely miss the river rat.
The river rat is heavily wounded.
The river rat completely misses you.
You hit the river rat.
The river rat is severely wounded.
The river rat closely misses you.
There is an open door to the Storerooms (Easy) here.
You closely miss the river rat.
The river rat is severely wounded.
The river rat bites you.
Ouch! That really hurt!
Unknown command.
Unknown command.
Casting: Summon Small Mammal (safe; 4% risk of failure)
Confirm with . or Enter, or press ? or * to list all spells.
The river rat misses you.
Your bat barely misses the river rat.
Casting: Summon Small Mammal (safe; 4% risk of failure)
Confirm with . or Enter, or press ? or * to list all spells.
Your bat completely misses the river rat.
The river rat bites you!
Ouch! That really hurt!
You die...

############
#_________.#
#_________.#
#_______...###########++
##########'##...........
#.?..')))'.##......#..#
##########.##..........
...........rr@.........
+#####'#####b..b..#..#.
#.. #........... ###
####'#####+ #.......#
#.......# #.......#
#...<...# #.......#


You could see a river rat (ally target), a rat and 2 friendly bats.

Vanquished Creatures (collateral kills)
  A rat (D)
1 creature vanquished.

Notes
Turn   | Place    | Note
-------+----------+-------------------------------------------
     0 | D        | Groucho the Spriggan Summoner began the quest for the Orb.
     0 | D        | Reached XP level 1. HP: 9/9 MP: 5/5
    43 | D        | Found a bloodstained altar of Trog.
    43 | D        | Found a shimmering blue altar of Sif Muna.
    43 | D        | Found a viscous altar of Jiyva.
    43 | D        | Found a hazy altar of Hepliaklqana.
    43 | D        | Found an opulent altar of Gozag.
    44 | D        | Found a glowing golden altar of the Shining One.
    44 | D        | Found a glowing silver altar of Zin.
    44 | D        | Found a basalt altar of Yredelemnul.
    44 | D        | Found a shimmering altar of Xom.
    44 | D        | Found an ornate altar of the Wu Jian Council.
    44 | D        | Found a sacrificial altar of Ru.
    44 | D        | Found a stormy altar of Qazlal.
    44 | D        | Found an iron altar of Okawaru.
    44 | D        | Found a sparkling altar of Nemelex Xobeh.
    44 | D        | Found a burning altar of Makhleb.
    44 | D        | Found a blossoming altar of Fedhas.
    44 | D        | Found a white marble altar of Elyvilon.
    44 | D        | Found a shadowy altar of Dithmenos.
    44 | D        | Found a snail-covered altar of Cheibriados.
    46 | D        | Found a radiant altar of Vehumet.
    46 | D        | Found a corrupted altar of Lugonu.
    47 | D        | Found a hide-covered altar of Uskayaw.
    47 | D        | Found an ancient bone altar of Kikubaaqudgha.
    47 | D        | Found a broken altar of Ashenzari.
    56 | D        | Became a worshipper of Dithmenos the Shadowed
    90 | D        | Slain by a river rat

Illustrated notes

Levels and vault maps discovered:
D:        pitsprint [storerooms_1, entrance_room_1, metal_vault_7, armoury_2,
          mini_pit_1, grid_room_1, main_hall_1, silver_pit, the_coven_3,
          the_vestibule_1, steel_vault_1, golden_pit, hallway_of_sentries,
          crystal_vault_1, iron_vault_4, final_vault]

Action                   || total
-------------------------++-------
Melee: Dagger            ||     5
 Cast: Summon Small Mamm ||     6
Dodge: Dodged            ||     3
